 Dungeon Crawl Stone Soup version 0.30-a0-381-g6ea064c7b4 (webtiles) character file.

Game seed: 3059323962429129201

6276 sifdire the Blocker (level 11, -8/79 HPs)
             Began as a Djinni Conjurer on Dec 1, 2022.
             Was a Follower of Makhleb.
             Mangled by a boulder beetle (22 damage)
             ... on level 8 of the Dungeon.
             The game lasted 00:54:35 (8942 turns).

sifdire the Blocker (Djinni Conjurer)               Turns: 8942, Time: 00:54:36

Health: -8/79      AC:  4    Str:  6    XL:     11   Next: 15%
Gold:   491        EV: 12    Int: 22    God:    Makhleb [*.....] SH:  7 Dex: 12

rFire   + + .      SeeInvis .    f - +1 dagger (elec)
rCold   + . .      Faith    .    c - +1 buckler of Lachrymose Surprise {Rampage rC++ Regen+ Int-2}
rNeg    . . .      Spirit   .    a - +1 robe {Will+}
rPois   ∞          Reflect  .    (no helmet)
rElec   .          Harm     .    x - +0 cloak
rCorr   +          Rampage  +    (no gloves)
Will    ++...                    (boots unavailable)
Stlth   ++........               q - amulet of the Castellan {Acrobat rPois rCorr}
HPRegen 1.13/turn                (no ring)
MPRegen 0.00/turn                (no ring)

@: flying
A: sickness immunity, fire resistance 2, cold vulnerability 1, float, innate
caster, HP casting, extra vitality 1
a: Renounce Religion


You were on level 8 of the Dungeon.
You worshipped Makhleb.
Makhleb was aware of your devotion.
You visited 2 branches of the dungeon, and saw 9 of its levels.
You also visited: Sewer and Ossuary.

You collected 541 gold pieces.
You spent 50 gold pieces at shops.

Inventory:

Hand Weapons
 f - a +1 dagger of electrocution (weapon)
Missiles
 g - 21 poisoned darts
 p - a throwing net
Armour
 a - a +1 robe of willpower (worn)
 c - the +1 buckler of Lachrymose Surprise (worn) {Rampage rC++ Regen+ Int-2}
   (You acquired it on level 4 of the Dungeon)

   Int:       It affects your intelligence (-2).
   rC:        It greatly protects you from cold.
   Regen:     It increases your rate of health regeneration.
   Rampage:   It bestows one free step when moving towards enemies.
 v - a +1 leather armour of cold resistance
 x - a +0 cloak (worn)
Jewellery
 i - a +6 ring of strength
 q - the amulet of the Castellan (around neck) {Acrobat rPois rCorr}
   (You acquired it on level 4 of the Dungeon)

   [amulet of the acrobat]

   It increases your evasion while moving and waiting.
   rPois:     It protects you from poison.
   rCorr:     It protects you from acid and corrosion.
Wands
 r - a wand of mindburst (13)
 s - a wand of paralysis (8)
Scrolls
 b - 2 scrolls of teleportation
 e - a scroll of silence
 m - a scroll of poison
 n - a scroll of blinking
 o - a scroll of butterflies
 t - a scroll of fear
 u - a scroll of identify
 y - 3 scrolls of enchant armour
Potions
 d - 4 potions of brilliance
 k - 4 potions of might
 l - 3 potions of curing
 w - 4 potions of lignification
 z - a potion of invisibility


   Skills:
 + Level 7.3 Fighting
 - Level 2.1 Dodging
 - Level 1.5 Stealth
 * Level 9.6 Shields
 * Level 9.0 Spellcasting


You had one spell level left.
You knew the following spells:

 Your Spells              Type           Power      Damage    Failure   Level
a - Magic Dart            Conj           100%       1d8       1%          1
b - Searing Ray           Conj           98%        2d8       1%          2
c - Dazzling Flash        Conj/Hex       98%        N/A       1%          3
d - Fulminant Prism       Conj/Hex       24%        3d12      1%          4
e - Iskenderun's Mystic   Conj/Tloc      49%        2d11      1%          4
f - Sting                 Tmut/Pois      100%       1d8       1%          1
g - Momentum Strike       Conj/Tloc      98%        3d10      1%          2
h - Passwall              Tmut/Erth      40%        N/A       1%          2
i - Airstrike             Air            24%        2d(4-20)  1%          4
j - Sticky Flame          Conj/Fire      49%        2d7       1%          4
Your spell library was empty.

Dungeon Overview and Level Annotations

Branches:
Dungeon (8/15)             Temple (1/1) D:7           Sewer (visited)
Ossuary (visited)
   Lair: D:8-11

Altars:
Elyvilon
Fedhas
Gozag
Makhleb
Nemelex Xobeh
Okawaru
Qazlal
Ru
Trog
Uskayaw
Xom
Yredelemnul
The Shining One
Lugonu

Shops:
D:3 !::   D:4 ?   D:6 (


Innate Abilities, Weirdness & Mutations

You are immune to sickness and miasma.
You are immune to poison.
Your flesh is very heat resistant. (rF++)
You are vulnerable to cold. (rC-)
You float through the air rather than walking.
You learn spells naturally, not from books.
Your magical power is your life essence.
You have superior vitality. (+4 MHP)


Message History

* * * LOW HITPOINT WARNING * * *
You feel much better. The boulder beetle bites you.
Casting: Iskenderun's Mystic Blast (dangerous; 1% risk of failure)
Confirm with . or Enter, or press ? or * to list all spells.
You erupt in a blast of force!
The mystic blast hits the boulder beetle!
The boulder beetle is heavily wounded.
The boulder beetle is knocked back by the mystic blast.
Casting: Iskenderun's Mystic Blast (dangerous; 1% risk of failure)
Confirm with . or Enter, or press ? or * to list all spells.
You erupt in a blast of force!
The mystic blast hits the boulder beetle but does no damage.
The boulder beetle is heavily wounded.
* * * LOW HITPOINT WARNING * * *
The boulder beetle waves its antennae.
You block the boulder beetle's attack.
Casting: Iskenderun's Mystic Blast (dangerous; 1% risk of failure)
Confirm with . or Enter, or press ? or * to list all spells.
You erupt in a blast of force!
The mystic blast hits the boulder beetle but does no damage.
The boulder beetle is heavily wounded.
* * * LOW HITPOINT WARNING * * *
The boulder beetle bites you!
* * * LOW HITPOINT WARNING * * *
Casting: Iskenderun's Mystic Blast (dangerous; 1% risk of failure)
Confirm with . or Enter, or press ? or * to list all spells.
You erupt in a blast of force!
The mystic blast hits the boulder beetle!
The boulder beetle is severely wounded.
The boulder beetle is knocked back by the mystic blast.
* * * LOW HITPOINT WARNING * * *
You feel better.
Casting: Iskenderun's Mystic Blast (dangerous; 1% risk of failure)
Confirm with . or Enter, or press ? or * to list all spells.
You erupt in a blast of force!
The mystic blast hits the boulder beetle.
The boulder beetle is severely wounded.
* * * LOW HITPOINT WARNING * * *
The boulder beetle bites you!!
You die...

..........#)........#.......#....
........<.'.........#......)#))..
.........)#.........#.......[)[..
..........#.........#.....))#))..
.#######'##.####.####.....).###..
.##...##.##.######......#####*#..
.......#.........#......#,,,,,#..
.......#..[......#.)....#,,,,,#..
.......'........@B.)....#,,,,,#..
##....###...######......#,>,,,#..
##....#######.....○.....#<,,,,#..
.#.....#(...'....).########,,,#..
.#.....#....#....B##########,,#..
.#.....#....#...[####,,,,**##*##.
>#.....#....#....####**,****####.
.'.....#....#....###,**,**,**....
##....###...#.######,,,,,,,,'..B.


You could see a boulder beetle.

Vanquished Creatures
  2 centaur warriors (D:8)
  A boulder beetle (D:8)
  A tengu warrior (D:8)
  Maggie (D:6)
  Edmund (D:5)
  3 black bears
  2 sky beasts (D:7)
  2 orc warriors (D:8)
  2 ogres
  5 centaurs
  2 phantoms
  4 bullfrogs
  3 kobold brigands (Sewer)
  A gnoll sergeant (D:8)
  A necrophage (D:5)
  5 scorpions
  2 wights (D:8)
  2 howler monkeys
  3 human zombies (Ossuary)
  A jelly (D:6)
  2 gnoll boudas
  4 hounds
  2 orc priests (D:8)
  9 orc wizards
  4 iguanas
  5 mummies (Ossuary)
  9 adders
  12 gnolls
  2 river rats (Sewer)
  2 shadow imps
  A white imp (D:7)
  An ufetubus (D:6)
  A worm (D:6)
  A dart slug (D:1)
  30 orcs
  5 bats
  16 endoplasms
  A giant cockroach (shapeshifter) (D:8)
  7 giant cockroaches
  8 goblins
  7 hobgoblins
  4 jackals (Sewer)
  9 kobolds
  6 quokkas
  11 ball pythons
  8 frilled lizards
  A gnoll zombie (Ossuary)
  2 goblin zombies (Ossuary)
  A kobold zombie (Ossuary)
  An orc zombie (Ossuary)
  13 rats
229 creatures vanquished.

Vanquished Creatures (others)
  A scorpion (D:4)
  7 fulminant prisms
  29 plants
37 creatures vanquished.

Grand Total: 266 creatures vanquished

Notes
Turn   | Place    | Note
-------+----------+-------------------------------------------
     0 | D:1      | sifdire the Djinni Conjurer began the quest for the Orb.
     0 | D:1      | sifdire set off with the following spells memorised: Magic
                  | Dart, Searing Ray, Dazzling Flash, Fulminant Prism,
                  | Iskenderun's Mystic Blast.
     0 | D:1      | Reached XP level 1. HP: 15/15 MP: 0/0
   156 | D:1      | Reached XP level 2. HP: 20/22 MP: 0/0
   258 | D:1      | Reached skill level 1 in Fighting
   384 | D:1      | Reached XP level 3. HP: 24/27 MP: 0/0
   384 | D:1      | Learned a level 1 spell: Sting
   475 | D:1      | Found a faded altar of an unknown god.
  1131 | D:1      | Reached XP level 4. HP: 18/32 MP: 0/0
  1573 | D:2      | Reached XP level 5. HP: 31/38 MP: 0/0
  1573 | D:2      | Learned a level 2 spell: Momentum Strike
  1867 | D:3      | Found Bat Ene's Book Shoppe.
  1896 | D:3      | Found Sas Bois's Book Shoppe.
  2060 | D:3      | Found an iron altar of Okawaru.
  2256 | D:3      | Found a sparkling altar of Nemelex Xobeh.
  2281 | D:3      | Found a bloodstained altar of Trog.
  2306 | D:3      | Found Ress's Distillery.
  2314 | D:3      | Bought a potion of heal wounds for 50 gold pieces
  2490 | D:4      | Reached XP level 6. HP: 18/45 MP: 0/0
  2618 | D:4      | Identified 2 scrolls of acquirement
  2618 | D:4      | Acquired the amulet of the Castellan {Acrobat rPois rCorr}
  2694 | D:4      | Acquired the +1 buckler of Lachrymose Surprise {Rampage
                  | rC++ Regen+ Int-2}
  2875 | D:4      | Reached skill level 1 in Shields
  2892 | D:4      | Reached skill level 5 in Spellcasting
  3209 | D:4      | Found Tuon's Magic Scroll Boutique.
  3218 | D:4      | Reached XP level 7. HP: 50/50 MP: 0/0
  3218 | D:4      | Learned a level 2 spell: Passwall
  3697 | D:5      | Entered Level 5 of the Dungeon
  3697 | D:5      | Noticed Edmund
  3934 | D:5      | Killed Edmund
  3935 | D:5      | Reached XP level 8. HP: 34/58 MP: 0/0
  4647 | D:6      | Noticed Maggie
  4733 | D:6      | Killed Maggie
  4734 | D:6      | Reached skill level 5 in Shields
  4734 | D:6      | Reached XP level 9. HP: 23/64 MP: 0/0
  4734 | D:6      | Learned a level 4 spell: Airstrike
  4799 | D:6      | Reached skill level 5 in Fighting
  4803 | D:6      | Found Ryowe's Antique Weapon Shoppe.
  4933 | D:6      | Found a glowing drain.
  4937 | Sewer    | Entered a sewer
  6533 | D:7      | Found a hide-covered altar of Uskayaw.
  6634 | D:7      | Found a staircase to the Ecumenical Temple.
  6644 | Temple   | Entered the Ecumenical Temple
  6691 | Temple   | Became a worshipper of Makhleb the Destroyer
  7162 | D:8      | Found a glowing golden altar of the Shining One.
  7211 | D:8      | Reached XP level 10. HP: 72/72 MP: 0/0
  7237 | D:8      | Noticed a centaur warrior
  7503 | D:8      | Found a sand-covered staircase.
  7503 | D:8      | Noticed a boulder beetle
  7727 | D:8      | Killed a boulder beetle
  7844 | Ossuary  | Entered an ossuary
  7913 | Ossuary  | Reached * piety under Makhleb
  8129 | D:8      | Noticed a centaur warrior
  8132 | D:8      | Noticed a tengu warrior
  8134 | D:8      | Noticed a boulder beetle
  8144 | D:8      | Found a basalt altar of Yredelemnul.
  8191 | D:8      | Found a stormy altar of Qazlal.
  8427 | D:8      | Killed a centaur warrior
  8659 | D:8      | Killed a centaur warrior
  8660 | D:8      | Reached XP level 11. HP: 15/79 MP: 0/0
  8660 | D:8      | Learned a level 4 spell: Sticky Flame
  8765 | D:8      | Killed a tengu warrior
  8935 | D:8      | HP: 3/79 [boulder beetle (23)]
  8942 | D:8      | Mangled by a boulder beetle

Illustrated notes

Levels and vault maps discovered:
D:1:      psy_arrival_fountain, layout_loops_ring, serial_forest,
          infiniplex_forest_lined_ring, infiniplex_forest_lined_room_3,
          infiniplex_forest_clump_diagonal, infiniplex_forest_zigzag_1,
          infiniplex_forest_lined_room_, infiniplex_forest_lined_room_2,
          infiniplex_forest_clump_large, infiniplex_forest_clump_medium,
          basic_ecumenical_altar
D:2:      layout_basic
D:3:      layout_loops_ring, nicolae_overflow_crystal_walls,
          nemelex_dance_club_becter, okawaru_trees_2, serial_shops, shop, shop,
          shop, chequers_serial_rivers_micro_e, minivault_27
D:4:      layout_loops_cross, kennysheep_windowed_goal
D:5:      layout_rooms, grunt_temple_overflow_magic_moments,
          serial_park_tiny_pond, minmay_misc_feat_nine_boxes,
          hangedman_abyss_or_decor_stagger, uniq_edmund
D:6:      layout_gridville, serial_shops, kennysheep_mini,
          gup_sewer_entry_spiral, uniq_maggie
D:7:      layout_basic, general_overflow_altar, minmay_temple_entry_poolview
D:8:      hangedman_cross_veins, layout_gridville, kennysheep_little_box,
          mainiacjoe_overflow_swirl, nicolae_ossuary_entry_monument,
          nicolae_grassy_gnolls
Temple:   corrupted_temple

Skill      XL: |  1  2  3  4  5  6  7  8  9 10 11 |
---------------+----------------------------------+-----
Fighting       | 1 2 3 4 5 7 |  7.3
Spellcasting   | 4 5 6 7 8 9 |  9.0
Shields        | 2 3 5 7 9 |  9.6
Dodging        | |  2.1
Stealth        | |  1.5

Action                   |  1- 3 |  4- 6 |  7- 9 | 10-12 || total
-------------------------+-------+-------+-------+-------++-------
Melee: Dagger            |       |     1 |     8 |     7 ||    16
 Cast: Magic Dart        |    58 |   133 |   268 |    73 ||   532
       Searing Ray       |     2 |     1 |    30 |    19 ||    52
       Sting             |       |    15 |    18 |    13 ||    46
       Momentum Strike   |       |     1 |     2 |       ||     3
       Passwall          |       |       |     1 |       ||     1
       Airstrike         |       |       |     1 |     7 ||     8
       Iskenderun's Myst |       |       |       |    45 ||    45
       Fulminant Prism   |       |       |       |     7 ||     7
       Sticky Flame      |       |       |       |     3 ||     3
Evoke: Wand              |       |       |     2 |       ||     2
  Use: Scroll            |       |     9 |    13 |     3 ||    25
       Potion            |       |       |     4 |     4 ||     8
Armor: Robe              |     2 |     6 |    14 |     9 ||    31
Dodge: Dodged            |     7 |    37 |    67 |    64 ||   175
Block: Buckler           |       |     9 |    30 |    24 ||    63

Table legend: (Time is in decaauts)
 A = Elapsed time spent in this place.
 B = Non-inter-level travel time spent in this place.
 C = Inter-level travel time spent in this place.
 D = Time resting spent in this place.
 E = Time spent auto-exploring this place.
 F = Levels seen in this place.
 G = Mean time per level.
                   A        B        C        D        E       F      G
               +--------+--------+--------+--------+--------+-----+--------+
         Total |   8911 |   7287 |   1624 |   1636 |   3526 |  11 |  810.1 |
       Dungeon |   7944 |   6350 |   1594 |   1476 |   3242 |   8 |  993.0 |
        Temple |     63 |     33 |     30 |      0 |     24 |   1 |   63.0 |
         Sewer |    622 |    622 |      0 |    108 |    229 |   1 |  622.0 |
       Ossuary |    280 |    280 |      0 |     52 |     31 |   1 |  280.0 |
               +--------+--------+--------+--------+--------+-----+--------+

Top non-repeatable levels by time:
     D:8: 1295 daAuts
     D:4: 1234 daAuts
     D:1: 1132 daAuts
     D:7: 1119 daAuts
     D:6: 945 daAuts
     D:5: 810 daAuts
     D:3: 703 daAuts
     D:2: 703 daAuts
   Sewer: 622 daAuts
 Ossuary: 280 daAuts
  Temple: 63 daAuts
